AoeStats
← HeKKerZ3175

Four Lakes

509618477Analyzed
1v1 RM · 3d ago on Sep 27, 2026· 50m 25s· 2 players
Game mode
Random Map
Map size
Tiny (2 player)
Population
200
Speed
Normal
Resources
Standard
Victory
Conquest
Starting age
Dark Age
Ending age
Imperial Age
RankedLock teamsTeams togetherTeam positionsShared explorationLock speedFull tech treeHidden civsTurbo modeCheats
Victory
Defeat
🇬🇧 Saxons · United Kingdom
624
+16
🇬🇷 Dravidians · Greece
629
-16
HeKKerZ3175
5:21 Loom
10:51 Feudal Age
15:38 Castle Age
15:35 Double-Bit Axe
18:26 Wheelbarrow
18:29 Horse Collar
19:02 Bow Saw
20:52 Sanctity
26:43 Heavy Plow
29:20 Town Watch
29:53 Hand Cart
30:44 Redemption
33:19 Imperial Age
30:46 Gambesons
32:11 Guard Tower
32:42 Ballistics
32:38 Squires
32:43 Scale Mail Armor
32:34 Fletching
32:55 Forging
34:09 Chain Mail Armor
33:51 Bodkin Arrow
37:35 Keep
38:01 Chemistry
36:48 Arrowslits
37:09 Siege Engineers
37:15 Masonry
37:17 Fortified Wall
38:28 Hoardings
38:14 Conscription
37:19 Clerical Recruitment
38:50 Arson
38:48 Pikeman
42:38 Two-Man Saw
41:03 Elite Varangian Guard
41:09 Halberdier
42:36 Architecture
42:02 Murder Holes
43:32 Bracer
44:03 Plate Mail Armor
44:09 Iron Casting
46:08 Plate Mail Armor
45:39 Bracer
46:15 Iron Casting
ser1980letis
0:32 Loom
10:51 Feudal Age
12:21 Wheelbarrow
11:33 Town Watch
12:27 Wheelbarrow
11:41 Double-Bit Axe
15:00 Fishing Lines
20:26 Castle Age
18:30 Gold Mining
18:51 Scale Mail Armor
19:43 Forging
21:37 Hand Cart
22:02 Squires
22:11 Gillnets
22:43 Pikeman
25:10 Horse Collar
31:14 Imperial Age
29:03 Bow Saw
29:33 Iron Casting
29:13 Chain Mail Armor
29:29 Fletching
30:23 Elite Skirmisher
32:23 Conscription
33:16 Heavy Plow
34:19 Wootz Steel
37:34 Bodkin Arrow
40:07 Elite Urumi Swordsman
41:27 Plate Mail Armor
41:59 Blast Furnace
40:36 Halberdier
42:53 Chemistry
Connection lost

Rejoining the realm…

Still unreachable

The connection could not be restored.

Session expired

The server has moved on; the page needs a fresh start.